 Dungeon Crawl Stone Soup version 0.32-a0-940-g8c197d95f1 (webtiles) character file.

Game seed: 9122260212601211100

1671 Revguard the Shield-Bearer (level 9, -7/74 HPs)
             Began as a Ghoul Fighter on Apr 16, 2024.
             Was an Initiate of Ru.
             Killed from afar by a steam dragon (12 damage)
             ... with a ball of steam
             ... on level 7 of the Dungeon.
             The game lasted 00:13:00 (5735 turns).

Revguard the Shield-Bearer (Ghoul Fighter)          Turns: 5735, Time: 00:13:01

Health: -7/74      AC: 12    Str: 24    XL:     9   Next: 1%
Magic:  9/9        EV:  8    Int:  7    God:    Ru [......]
Gold:   150        SH:  4    Dex:  8    Spells: 8/8 levels left

rFire   . . .        a - +0 war axe (chaos)
rCold   + . .        c - +0 buckler
rNeg    + + +        m - +0 chain mail
rPois   ∞            r - +0 helmet
rElec   .            (no cloak)
rCorr   .            v - +0 pair of gloves
SInv    .            (no boots)
Will    .....        (no amulet) Stlth
                     (no ring)
HPRegen 0.00/turn    (no ring)
MPRegen 0.11/turn

%: no passive effects
@: inhibited regen
A: claws 1, cold resistance 1, negative energy resistance 3, inhibited
regeneration, torment resistance 2, no stealth, devour on kill
a: Renounce Religion


You were on level 7 of the Dungeon.
You worshipped Ru.
Ru was noncommittal.
You visited 2 branches of the dungeon, and saw 8 of its levels.

You collected 313 gold pieces.
You spent 163 gold pieces at shops.

Inventory:

Hand Weapons
 a - a +0 war axe of chaos (weapon)
Armour
 b - a +0 scale mail
 c - a +0 buckler (worn)
 m - a +0 chain mail (worn)
 r - a +0 helmet (worn)
 v - a +0 pair of gloves (worn)
Wands
 q - a wand of mindburst (14)
 w - a wand of warping (9)
 x - a wand of charming (5)
Scrolls
 f - a scroll of amnesia {unknown}
 g - 4 scrolls of teleportation {unknown}
 h - 2 scrolls of revelation {unknown}
 i - a scroll of immolation {unknown}
 j - 2 scrolls of fog {unknown}
 k - a scroll of poison {unknown}
 n - a scroll of noise {unknown}
 p - a scroll of fear {unknown}
Potions
 d - 2 potions of resistance {unknown}
 l - 3 potions of degeneration {unknown}
 o - a potion of heal wounds {unknown}
 s - 3 potions of mutation {unknown}
 t - 2 potions of attraction {unknown}
 u - a potion of haste {unknown}
 z - a potion of enlightenment {unknown}


   Skills:
 + Level 5.4 Fighting
 * Level 5.2 Axes
 + Level 4.6 Armour
 + Level 3.1 Dodging
 * Level 5.7 Shields
 + Level 3.3 Evocations


You had 8 spell levels left.
You didn't know any spells.
Your spell library contained the following spells:

 Spells                   Type           Power      Damage    Failure   Level
 Slow                     Hex            0%         N/A       96%         1
 Ensorcelled Hibernation  Hex/Ice        0%         N/A       99%         2
 Mercury Vapours          Alch/Air       0%         N/A       99%         2
 Confusing Touch          Hex            0%         N/A       100%        3
 Mephitic Cloud           Conj/Alch/Air  0%         N/A       100%        3
 Passwall                 Erth           0%         N/A       100%        3
 Swiftness                Air            0%         N/A       100%        3
 Vampiric Draining        Necr           0%         2d6       100%        3
 Freezing Cloud           Conj/Ice/Air   0%         6-21      100%        5


Dungeon Overview and Level Annotations

Branches:
Dungeon (7/15)             Temple (1/1) D:5

Altars:
Ashenzari
Cheibriados
Dithmenos
Fedhas
Gozag
Hepliaklqana
Kikubaaqudgha
Makhleb
Nemelex Xobeh
Okawaru
Qazlal
Ru
Sif Muna
Trog
Uskayaw
Vehumet
Wu Jian
Xom
Yredelemnul

Shops:
D:2 !=   D:4 (=*!*


Innate Abilities, Weirdness & Mutations

You are immune to poison.
You have sharp fingernails.
Your flesh is cold resistant. (rC+)
You are immune to negative energy. (rN+++)
You do not regenerate when monsters are visible.
You are immune to unholy pain and torment.
You cannot be stealthy.
You thrive by killing the living.


Message History

The steam dragon closely misses you.
You miss the steam dragon. You miss something.
You feel less confused. Something hits you but does no damage.
The steam dragon bites you.
The steam dragon claws you but does no damage.
You closely miss the steam dragon. You hit something.
You feel better.
You hear some strange, mumbled words.
A puff of flame appears from out of thin air!
The puff of flame hits you. The steam dragon breathes steam at you.
The ball of steam hits you!
* * * LOW HITPOINT WARNING * * *
You barely miss the steam dragon. You barely miss something.
You are engulfed in a cloud of scalding steam.
* * * LOW HITPOINT WARNING * * *
Something hits you but does no damage. The steam dragon closely misses you.
You block the steam dragon's attack. Something hits you.
* * * LOW HITPOINT WARNING * * *
The steam dragon bites you but does no damage.
The steam dragon misses you.
You feel better. Something hits you but does no damage.
The steam dragon closely misses you.
The steam dragon claws you but does no damage.
You closely miss the steam dragon. You miss something.
Something hits you but does no damage. The steam dragon bites you!
* * * LOW HITPOINT WARNING * * *
The steam dragon claws you but does no damage.
Unknown command.
You completely miss the steam dragon. You barely miss something.
You hear some strange, mumbled words.
A puff of flame appears from out of thin air!
You block the puff of flame. You block the steam dragon's attack.
The steam dragon claws you but does no damage.
Unknown command.
You barely miss the steam dragon. You closely miss something.
Something hits you but does no damage. The steam dragon breathes steam at you.
The ball of steam hits you!
You die...
Ru respects your ultimate sacrifice.

#########.# .....
..........# ......
#########.###......
#|.........
###.#######
######.#
#......#### #
#.#....)))#####...#
#.##.##.<@.......
#.......{)D....<.
#..#.##..........
#..#.##.#####...#
... .....# ..# .#.
.##### .# ## . .


You could see a steam dragon (catching breath).

Vanquished Creatures
  Grinder (Temple)
  Edmund (Temple)
  An orc warrior (D:6)
  A centaur (D:6)
  A phantom (D:5)
  A kobold brigand (D:7)
  4 scorpions
  A ballistomycete (D:5)
  2 jellies (D:6)
  A bombardier beetle (D:6)
  A howler monkey (D:4)
  3 hounds
  2 orc priests
  Ijyb (D:5)
  5 iguanas
  4 orc wizards
  3 sleepcaps
  3 adders
  A white imp (D:6)
  A dart slug (D:4)
  2 ribbon worms
  14 orcs
  6 ball pythons
  8 bats
  10 endoplasms
  4 giant cockroaches
  2 goblins (D:2)
  4 hobgoblins
  4 quokkas
  3 frilled lizards
  11 kobolds
  4 rats
110 creatures vanquished.

Vanquished Creatures (others)
  A kobold (D:7)
1 creature vanquished.

Grand Total: 111 creatures vanquished

Notes
Turn   | Place    | Note
-------+----------+-------------------------------------------
     0 | D:1      | Revguard the Ghoul Fighter began the quest for the Orb.
     0 | D:1      | Reached XP level 1. HP: 19/19 MP: 1/1
    33 | D:1      | Reached XP level 2. HP: 26/26 MP: 2/2
   710 | D:2      | Reached XP level 3. HP: 30/31 MP: 3/3
   790 | D:2      | Found Qewuhya's Jewellery Shoppe.
   898 | D:2      | Found Paimugeshra's Distillery.
   995 | D:2      | Reached skill level 1 in Evocations
  1181 | D:3      | Reached XP level 4. HP: 34/38 MP: 4/4
  1446 | D:3      | Found an ornate altar of the Wu Jian Council.
  1544 | D:3      | Reached skill level 1 in Dodging
  1544 | D:3      | Reached XP level 5. HP: 33/46 MP: 5/5
  1969 | D:4      | Found Zooch's Distillery.
  1971 | D:4      | Found Osmievoh's Jewellery Shoppe.
  1972 | D:4      | Bought a potion of curing for 30 gold pieces
  1992 | D:4      | Found Dyomaaf's General Store.
  2169 | D:4      | Found Enlasiu's Weapon Shop.
  2253 | D:4      | HP: 1/46 [something (3)]
  2279 | D:4      | Reached XP level 6. HP: 7/52 MP: 6/6
  2646 | D:4      | Found Gaolu's General Store.
  2717 | D:4      | Bought a scroll of brand weapon for 133 gold pieces
  2932 | D:5      | Entered Level 5 of the Dungeon
  2932 | D:5      | Found a staircase to the Ecumenical Temple.
  2935 | D:5      | Noticed Grinder
  2937 | D:5      | Noticed Edmund
  2939 | D:5      | Paralysed by Grinder for 4 turns
  2945 | Temple   | Entered the Ecumenical Temple
  2954 | Temple   | Killed Edmund
  2955 | Temple   | Reached XP level 7. HP: 20/60 MP: 7/7
  2957 | Temple   | Paralysed by Grinder for 3 turns
  2971 | Temple   | Killed Grinder
  3184 | Temple   | Became a worshipper of Ru the Awakened
  3264 | D:5      | Noticed Ijyb
  3277 | D:5      | Killed Ijyb
  3413 | D:5      | Found an opulent altar of Gozag.
  3478 | D:5      | Found a radiant altar of Vehumet.
  3539 | D:5      | Reached XP level 8. HP: 61/67 MP: 8/8
  3831 | D:5      | Found a snail-covered altar of Cheibriados.
  4073 | D:5      | Reached skill level 5 in Shields
  4522 | D:6      | Reached skill level 5 in Fighting
  4523 | D:6      | Gained mutation: You cannot be stealthy. [Ru sacrifice]
  4772 | D:6      | Found a sparkling altar of Nemelex Xobeh.
  5046 | D:6      | Reached skill level 5 in Axes
  5718 | D:7      | Reached XP level 9. HP: 74/74 MP: 9/9
  5735 | D:7      | Killed from afar by a steam dragon

Illustrated notes

Levels and vault maps discovered:
D:1:      eino_arrival_tree_alley, layout_basic, minmay_cut_off
D:2:      layout_rooms, serial_shops, nicolae_shop_gaudy_bauble,
          nicolae_shop_real_fake_doors
D:3:      layout_basic, nzn_wu_jian_council_hall, serial_bayou_ford_a
D:4:      layout_rooms, serial_shops, nicolae_shop_advertising_works
          [nicolae_subvault_shop_adworks], shop, nicolae_stop_n_shop_1, shop,
          shop, serial_bayou_lagoon_a, minmay_bisected
D:5:      layout_basic, lemuel_coloured_pillars_altar, kennysheep_little_box,
          nicolae_overflow_squiral, minmay_temple_entry_stoned_glass,
          nicolae_nh_ransacked_shop, uniq_ijyb, uniq_grinder, uniq_edmund
D:6:      layout_basic, nemelex_xobeh_ov_fountains_minmay
D:7:      layout_loops_cross, uniq_maurice
Temple:   minmay_temple_bridge_d

Skill      XL: |  1  2  3  4  5  6  7  8 |
---------------+-------------------------+-----
Axes           | 2 3 4 5 |  5.2
Shields        | 3 4 5 |  5.7
Evocations     | 1 2 3 |  3.3
Armour         | 3 4 |  4.6
Dodging        | 1 2 3 |  3.1
Fighting       | 4 5 |  5.4

Action                     |  1- 3 |  4- 6 |  7- 9 || total
---------------------------+-------+-------+-------++-------
  Melee: War axe           |    96 |   128 |   148 ||   372
 Invoke: Sacrifice Stealth |       |       |     1 ||     1
  Evoke: Wand              |       |       |     1 ||     1
    Use: Potion            |       |     5 |     2 ||     7
         Scroll            |       |     1 |       ||     1
 Armour: Scale mail        |    93 |    29 |       ||   122
         Chain mail        |       |   110 |   175 ||   285
  Dodge: Dodged            |    75 |    65 |    65 ||   205
  Block: Buckler           |    25 |    38 |    24 ||    87

Table legend: (Time is in decaauts)
 A = Elapsed time spent in this place.
 B = Non-inter-level travel time spent in this place.
 C = Inter-level travel time spent in this place.
 D = Time resting spent in this place.
 E = Time spent auto-exploring this place.
 F = Levels seen in this place.
 G = Mean time per level.
                   A        B        C        D        E       F      G
               +--------+--------+--------+--------+--------+-----+--------+
         Total |   5879 |   5655 |    224 |      0 |   4585 |   8 |  734.9 |
       Dungeon |   5561 |   5473 |     88 |      0 |   4447 |   7 |  794.4 |
        Temple |    317 |    181 |    136 |      0 |    138 |   1 |  317.0 |
               +--------+--------+--------+--------+--------+-----+--------+

Top non-repeatable levels by time:
     D:6: 1241 daAuts
     D:5: 1226 daAuts
     D:4: 993 daAuts
     D:3: 829 daAuts
     D:1: 721 daAuts
     D:2: 485 daAuts
  Temple: 317 daAuts
     D:7: 65 daAuts
